 Dungeon Crawl Stone Soup version bcrawl-1.40.3b (webtiles) character file.

Game seed: 9613869957659827925

428498 Galewind the Destroyer (level 12, -21/66 HPs)
             Began as an Avariel Conjurer on Feb 21, 2024.
             Was an Elder of Vehumet.
             Demolished by Rupert
             ... wielding a +2 great mace of protection
              (52 damage)
             ... on level 2 of the Lair of Beasts.
             The game lasted 00:13:10 (12190 turns).

Galewind the Destroyer (Avariel Conjurer)          Turns: 12190, Time: 00:13:11

Health: -21/66     AC:  7    Str:  6    XL:     12   Next: 73%
Magic:  19/29      EV: 19    Int: 27    God:    Vehumet [****..]
Gold:   866        SH:  0    Dex: 13    Spells: 21/33 levels left

rFire    . . .     GDR:     25% q - +1 dagger (vamp)
rCold    . . .     SeeInvis .   (no shield)
rNeg     . . .     Gourm    .   I - +0 robe {RegenMP}
rPois    .         Faith    .   v - +2 hat
rElec    .         Spirit   .   C - +0 cloak
rCorr    .         Reflect  .   z - +0 pair of gloves
MR       +....                  y - +0 pair of boots
Stlth    ++++......             (no amulet)
HPRegen  0.21/turn              h - ring of stealth
MPRegen  0.42/turn              a - ring of wizardry

@: about to teleport, flying quickly and evasively, quick
A: able to fly
a: Stop Flying, Renounce Religion


You were on level 2 of the Lair of Beasts.
You worshipped Vehumet.
Vehumet was greatly pleased with you.
You were near starving.

You visited 3 branches of the dungeon, and saw 13 of its levels.

You collected 1062 gold pieces.
You spent 196 gold pieces at shops.

Inventory:

Hand Weapons
 q - a +1 vampiric dagger (weapon)
Armour
 v - a +2 hat (worn)
 y - a +0 pair of boots (worn)
 z - a +0 pair of gloves (worn)
 C - a +0 cloak (worn)
 I - a +0 robe of magic recovery (worn)
Jewellery
 a - a ring of wizardry (right hand)
 h - a ring of stealth (left hand)
 E - an uncursed ring of poison resistance {unknown}
Wands
 p - a wand of iceblast (7)
 D - a wand of polymorph (6)
 F - a wand of paralysis (2)
Scrolls
 b - 7 scrolls of amnesia
 d - 4 scrolls of fog
 j - 6 scrolls of enchant weapon
 n - 2 scrolls of teleportation
 r - a scroll of vulnerability
 s - 2 scrolls of immolation
 t - 7 scrolls of remove curse
 u - a scroll of noise
 A - a scroll of revelation
Potions
 c - 2 potions of magic
 g - a potion of might
 k - a potion of flight
 l - a potion of degeneration
 m - 7 potions of curing
 o - 2 potions of mutation
 w - 2 potions of lignification
 B - 2 potions of resistance
 G - 2 potions of agility
Comestibles
 e - 21 rations {!d}


   Skills:
 - Level 4.0 Fighting
 - Level 10.0 Short Blades
 - Level 8.0 Dodging
 - Level 2.1 Stealth
 - Level 11.0 Spellcasting
 - Level 13.0 Conjurations
 + Level 11.4 Fire Magic


You had 21 spell levels left.
You knew the following spells:

 Your Spells              Type           Power        Failure   Level  Hunger
a - Magic Dart            Conj           ####         0%          1    None
b - Searing Ray           Conj           ######..     0%          2    None
c - Iskenderun's Mystic   Conj           ######..     1%          3    None
d - Throw Frost           Conj/Ice       #####.       1%          2    None
e - Sticky Flame          Conj/Fire      ######..     1%          4    None

Your spell library contained the following spells:

 Spells                   Type           Power        Failure   Level  Hunger
 Conjure Flame            Conj/Fire      ######..     1%          3    None
 Fulminant Prism          Conj/Hex       #####.....   1%          4    None
 Irradiate                Conj/Tmut      #####.....   1%          5    ###....


Dungeon Overview and Level Annotations

Branches:
Dungeon (9/12)             Temple (1/1) D:6            Lair (3/6) D:9
    Orc (0/1) D:8
  Swamp: Lair:2-4    Shoals: Lair:2-4     Snake: Lair:2-4    Spider: Lair:2-4

Altars:
Ashenzari
Cheibriados
Dithmenos
Elyvilon
Fedhas
Gozag
Hepliaklqana
Kikubaaqudgha
Lugonu
Makhleb
Nemelex Xobeh
Okawaru
Qazlal
Ru
Sif Muna
Trog
Uskayaw
Vehumet
Wu Jian
Xom
Yredelemnul
Zin
The Shining One

Shops:
D:5 ?(%:   D:6 *   D:7 %

Annotations:
D:9 3 runed translucent doors, tronn's ghost, novice OpAc
Lair:2 Rupert


Innate Abilities, Weirdness & Mutations

You can fly continuously.


Message History

You can't go down here!
Unknown command.
Unknown command.
Something hits you!!!
Ouch! That really hurt!
Deactivating autopickup; reactivate with Ctrl-A.
There is a stone staircase leading down, spattered with blood here.
Casting: Iskenderun's Mystic Blast (safe; 1% risk of failure)
Confirm with . or Enter, or press ? or * to list all spells.
Aiming: Sticky Flame (safe; 1% risk of failure)
Press: ? - help, Shift-Dir - straight line The sticky flame hits something but does no damage.
Rupert is covered in liquid flames!
Rupert burns!
Rupert completely misses you.
Rupert burns!
Unknown command.
As you read the scroll of teleportation, it crumbles to dust.
You feel strangely unstable.
Rupert burns!
Rupert hits you with a +2 great mace of protection!!!
Ouch! That really hurt!
You die...

##..## #....## ##....##
####### ##...##.####
####..##P## #P........P#
#.##......# ##.........#
##..+......# ##.>[......##
#P.#.......###
#.........>####..##......##P
###.......@@.#.............†
#......<..#...####.......##
##.........#..## #......##
#.#........+.## ####.+##
##..........P## #P.#
#####.....≈≈...### ##.#
P#.###..≈≈≈≈≈≈≈.## ##.# ...#
#..≈≈≈≈≈≈≈≈.# ###..##
#..###.≈≈≈≈≈≈≈≈≈.# ##...#.#


You could see Rupert (berserk).

Vanquished Creatures
  Harold (Lair:3)
  Erica (D:8)
  2 hydras (Lair:1)
  6 death yaks (Lair:2)
  An oklob plant (Lair:2)
  An elephant (D:9)
  A torpor snail (Lair:2)
  5 cane toads
  An efreet (D:8)
  2 komodo dragons
  A queen bee (D:9)
  Grinder (D:4)
  4 hippogriffs
  A hog (shapeshifter) (D:9)
  20 yaks
  2 basilisks
  A steam dragon (Lair:1)
  A hungry ghost (D:9)
  Menkaure (D:4)
  3 crocodiles
  5 water moccasins
  8 porcupines
  2 sky beasts
  4 ice beasts
  2 ogres
  3 orc warriors
  5 bullfrogs
  A centaur (D:8)
  A scorpion (D:3)
  A water moccasin skeleton (D:7)
  22 killer bees
  3 orc priests (D:8)
  3 howler monkeys
  A bullfrog zombie (D:5)
  5 crimson imps
  A quasit (D:8)
  2 hounds (D:7)
  A jelly (D:9)
  A bullfrog skeleton (D:6)
  Jessica (D:2)
  2 iguanas
  6 orc wizards
  A porcupine skeleton (D:7)
  3 worker ants
  A hound skeleton (D:6)
  13 gnolls
  5 adders
  2 shadow imps
  An adder zombie (D:7)
  An adder skeleton (D:5)
  3 worms
  5 dart slugs
  5 leopard geckos
  38 orcs
  10 bats
  4 giant cockroaches (D:1)
  10 goblins
  14 hobgoblins
  9 kobolds
  5 quokkas
  2 ball pythons
  4 frilled lizards
  4 rats
  A fungus (Lair:2)
  2 plants (Lair:2)
279 creatures vanquished.

Vanquished Creatures (others)
  4 fungi
  5 plants
9 creatures vanquished.

Grand Total: 288 creatures vanquished

Notes
Turn   | Place    | Note
-------+----------+-------------------------------------------
     0 | D:1      | Galewind the Avariel Conjurer began the quest for the Orb.
     0 | D:1      | Reached XP level 1. HP: 10/10 MP: 6/6
   112 | D:1      | Reached XP level 2. HP: 15/15 MP: 3/7
   173 | D:1      | Learned a level 2 spell: Searing Ray
   186 | D:1      | Reached skill level 6 in Conjurations
   440 | D:1      | Reached XP level 3. HP: 16/19 MP: 6/9
   444 | D:1      | Learned a level 3 spell: Iskenderun's Mystic Blast
  1186 | D:2      | Reached XP level 4. HP: 17/24 MP: 0/11
  2020 | D:2      | Reached skill level 7 in Conjurations
  2313 | D:2      | Found an opulent altar of Gozag.
  2316 | D:2      | Found an iron altar of Okawaru.
  2316 | D:2      | Found a shimmering altar of Xom.
  2317 | D:2      | Noticed Jessica
  2318 | D:2      | Found an ancient bone altar of Kikubaaqudgha.
  2318 | D:2      | Found a bloodstained altar of Trog.
  2318 | D:2      | Found a glowing golden altar of the Shining One.
  2321 | D:2      | Killed Jessica
  2322 | D:2      | Reached XP level 5. HP: 28/28 MP: 2/13
  2657 | D:3      | Found an ornate altar of the Wu Jian Council.
  3109 | D:3      | Reached skill level 5 in Spellcasting
  3109 | D:3      | Reached XP level 6. HP: 25/32 MP: 7/15
  3490 | D:4      | Reached skill level 8 in Conjurations
  3801 | D:4      | Noticed Grinder
  3804 | D:4      | Killed Grinder
  3805 | D:4      | Reached XP level 7. HP: 37/37 MP: 6/18
  3946 | D:4      | Noticed Menkaure
  3950 | D:4      | Killed Menkaure
  3951 | D:4      | Reached skill level 9 in Conjurations
  4283 | D:5      | Entered Level 5 of the Dungeon
  4427 | D:5      | Found Suuh's Weapon Shop.
  4480 | D:5      | Found Vaecox's Magic Scroll Emporium.
  4486 | D:5      | Bought a scroll of identify for 28 gold pieces
  4486 | D:5      | Bought a scroll of identify for 28 gold pieces
  4486 | D:5      | Bought a scroll of teleportation for 42 gold pieces
  4486 | D:5      | Bought a scroll of revelation for 56 gold pieces
  4486 | D:5      | Bought a scroll of remove curse for 42 gold pieces
  4511 | D:5      | Found a white marble altar of Elyvilon.
  4606 | D:5      | Found Coykim's Food Shop.
  4610 | D:5      | Found Asouv's Book Shoppe.
  4616 | D:5      | Reached skill level 10 in Conjurations
  4983 | D:6      | Reached XP level 8. HP: 31/42 MP: 2/20
  5297 | D:6      | Found Ynausob's Assorted Antiques.
  5384 | D:6      | Found a staircase to the Ecumenical Temple.
  5412 | Temple   | Entered the Ecumenical Temple
  5634 | Temple   | Became a worshipper of Vehumet
  5739 | D:6      | Found a glowing silver altar of Zin.
  5746 | D:6      | Found a glowing golden altar of the Shining One.
  5754 | D:6      | Found a sparkling altar of Nemelex Xobeh.
  5982 | D:7      | Noticed a hippogriff
  6177 | D:6      | Reached skill level 11 in Conjurations
  6261 | D:7      | Killed a hippogriff
  6262 | D:7      | Reached skill level 1 in Fighting
  6262 | D:7      | Gained mutation: You can fly continuously. [Avariel growth]
  6262 | D:7      | Reached XP level 9. HP: 35/47 MP: 13/24
  6513 | D:7      | Reached * piety under Vehumet
  6513 | D:7      | Offered knowledge of Sting by Vehumet.
  6514 | D:7      | Reached skill level 10 in Spellcasting
  6514 | D:7      | Reached skill level 12 in Conjurations
  6667 | D:7      | Found Xanaaheh's Food Shoppe.
  7333 | D:8      | Reached ** piety under Vehumet
  7333 | D:8      | Offered knowledge of Throw Frost by Vehumet.
  7451 | D:8      | Reached skill level 13 in Conjurations
  7470 | D:8      | Learned a level 2 spell: Throw Frost
  7502 | D:8      | Reached XP level 10. HP: 53/53 MP: 17/27
  7702 | D:8      | Reached skill level 1 in Short Blades
  7750 | D:8      | Noticed Erica
  7886 | D:8      | Found a staircase to the Orcish Mines.
  7895 | D:8      | Reached skill level 5 in Dodging
  8154 | D:8      | Killed Erica
  8449 | D:9      | Found a staircase to the Lair.
  8449 | D:9      | Noticed an elephant
  8464 | D:9      | Killed an elephant
  8523 | D:9      | Reached skill level 5 in Short Blades
  8524 | D:9      | Offered knowledge of Ignite Poison by Vehumet.
  8743 | D:9      | Reached XP level 11. HP: 33/61 MP: 8/28
  8917 | D:9      | Reached *** piety under Vehumet
  9162 | D:9      | Found a runed translucent gate.
  9162 | D:9      | Found a runed translucent gate.
  9162 | D:9      | Found a runed translucent gate.
  9256 | D:9      | Noticed tronn's ghost (novice OpAc)
  9706 | Lair:1   | Entered Level 1 of the Lair of Beasts
  9975 | Lair:1   | Offered knowledge of Sticky Flame by Vehumet.
  9983 | Lair:1   | Learned a level 4 spell: Sticky Flame
 10058 | Lair:1   | Noticed a five-headed hydra
 10063 | Lair:1   | Killed a five-headed hydra
 10200 | Lair:1   | Noticed a five-headed hydra
 10216 | Lair:1   | Killed a five-headed hydra
 10217 | Lair:1   | Reached skill level 10 in Short Blades
 10595 | Lair:2   | Noticed a death yak
 10695 | Lair:1   | Reached skill level 5 in Fire Magic
 10847 | Lair:2   | Killed a death yak
 10848 | Lair:2   | Reached XP level 12. HP: 7/66 MP: 5/29
 11090 | Lair:2   | Reached **** piety under Vehumet
 11195 | Lair:2   | Found a burning altar of Makhleb.
 11314 | Lair:2   | Noticed a death yak
 11317 | Lair:2   | Noticed a death yak
 11318 | Lair:2   | Noticed a death yak
 11329 | Lair:2   | Killed a death yak
 11343 | Lair:2   | Killed a death yak
 11349 | Lair:2   | Killed a death yak
 11350 | Lair:2   | Reached skill level 10 in Fire Magic
 11439 | Lair:2   | Offered knowledge of Conjure Flame by Vehumet.
 11765 | Lair:3   | Noticed Harold
 11770 | Lair:3   | Noticed a death yak
 11772 | Lair:3   | Killed Harold
 11774 | Lair:3   | Noticed a death yak
 11791 | Lair:2   | HP: 1/66 [death yak (19)]
 11959 | Lair:2   | Killed a death yak
 11998 | Lair:3   | Noticed a death yak
 11999 | Lair:3   | Noticed a death yak
 12039 | Lair:2   | Killed a death yak
 12174 | Lair:3   | Noticed Rupert
 12190 | Lair:2   | Demolished by Rupert

Skill      XL: |  1  2  3  4  5  6  7  8  9 10 11 12 |
---------------+-------------------------------------+-----
Conjurations   | 6 7 8 10 11 13 | 13.0
Spellcasting   | 3 4 5 6 7 9 11 | 11.0
Dodging        | 3 4 7 8 |  8.0
Fighting       | 1 2 4 |  4.0
Short Blades   | 6 10 | 10.0
Fire Magic     | 7 11 | 11.4
Stealth        | |  2.1

Action                   |  1- 3 |  4- 6 |  7- 9 | 10-12 || total
-------------------------+-------+-------+-------+-------++-------
Melee: Unarmed           |       |     3 |     7 |       ||    10
       Dagger            |       |       |       |    43 ||    43
 Cast: Magic Dart        |    65 |    66 |       |       ||   131
       Iskenderun's Myst |       |    24 |   150 |   264 ||   438
       Searing Ray       |       |       |       |     1 ||     1
       Throw Frost       |       |       |       |     1 ||     1
       Sticky Flame      |       |       |       |     6 ||     6
Evoke: Wand              |       |       |       |     4 ||     4
  Use: Scroll            |       |     6 |     3 |    13 ||    22
       Potion            |       |       |     1 |     3 ||     4
 Stab: Sleeping          |       |     1 |       |       ||     1
       Paralysed         |       |       |       |     4 ||     4
  Eat: Chunk             |     1 |    12 |    13 |    16 ||    42
       Ration            |       |       |     2 |       ||     2
Armor: Robe              |     5 |       |       |    16 ||    21
       Leather armour    |       |     1 |    19 |     3 ||    23
       Skin              |       |       |       |    12 ||    12
Dodge: Dodged            |     7 |     8 |    42 |   141 ||   198
